 Dungeon Crawl Stone Soup version 0.26-a0-812-g31a745ddcd (webtiles) character file.

Game seed: 17844022620885982370

2879 tilp the Grappler (level 9, 0/85 HPs)
             Began as an Ogre Transmuter on Dec 7, 2020.
             Was a Believer of Makhleb.
             Slain by a two-headed ogre
             ... wielding a cursed -3 giant club
              (18 damage)
             ... on level 8 of the Dungeon.
             The game lasted 00:17:34 (7178 turns).

tilp the Grappler (Ogre Transmuter)                 Turns: 7178, Time: 00:17:35

Health: 0/85       AC: 10    Str: 22    XL:     9   Next: 76%
Magic:  15/15      EV: 10    Int: 17    God:    Makhleb [**....]
Gold:   349        SH:  0    Dex:  9    Spells: 4/16 levels left

rFire    . . .     SeeInvis .     - Unarmed
rCold    . . .     Faith    .   (no shield)
rNeg     . . .     Spirit   .   z - +0 steam dragon scales
rPois    .         Reflect  .   (helmet currently unavailable)
rElec    .         Harm     .   (no cloak)
rCorr    .         Rampage  .   (gloves unavailable)
MR       .....                  (boots unavailable)
Stlth    ++........             g - amulet of regeneration
HPRegen  0.64/turn              c - +6 ring of strength
MPRegen  0.14/turn              n - +4 ring of protection

@: appendages (expiring)
A: large, unfitting armour, horns 2, talons 2, tough skin 1
a: End Transformation, Minor Destruction, Renounce Religion


You were on level 8 of the Dungeon.
You worshipped Makhleb.
Makhleb was pleased with you.
You had grown temporary horns.
You had grown temporary talons.
You visited 2 branches of the dungeon, and saw 9 of its levels.
You also visited: Sewer.

You collected 349 gold pieces.

Inventory:

Hand Weapons
 b - a +0 dagger of electrocution
Missiles
 f - 40 poisoned darts (quivered)
 i - 457 stones
 v - 3 curare-tipped darts
 x - 6 large rocks
 E - 7 boomerangs
Armour
 z - +0 steam dragon scales (worn)
Jewellery
 c - a +6 ring of strength (left hand)
 e - an uncursed ring of stealth
 g - an amulet of regeneration (around neck)
 h - an uncursed amulet of reflection
 n - a +4 ring of protection (right hand)
 B - an uncursed amulet of faith {unknown}
Scrolls
 d - 4 scrolls of blinking
 k - 5 scrolls of teleportation
 l - 2 scrolls of immolation
 o - a scroll of fog
 u - a scroll of magic mapping {unknown}
 y - 5 scrolls of remove curse
 A - a scroll of enchant weapon {unknown}
 D - a scroll of amnesia
Potions
 a - a potion of mutation {unknown}
 j - 4 potions of brilliance
 m - 2 potions of might {unknown}
 p - 2 potions of degeneration {unknown}
 q - 3 potions of heal wounds
 r - 4 potions of flight {unknown}
 s - 6 potions of curing
 t - 3 potions of lignification {unknown}
 w - 3 potions of magic {unknown}
 C - a potion of attraction {unknown}


   Skills:
 + Level 4.7 Fighting
 + Level 2.9 Throwing
 - Level 1.7 Dodging
 + Level 3.2 Stealth
 + Level 8.5 Unarmed Combat
 - Level 4.0 Spellcasting
 - Level 2.0 Translocations
 + Level 4.9 Transmutations
 + Level 1.2 Poison Magic
 + Level 3.3 Invocations


You had 4 spell levels left.
You knew the following spells:

 Your Spells              Type           Power        Failure   Level
a - Beastly Appendage     Tmut           ###...       1%          1
b - Wereblood             Tmut           ###.....     3%          2
c - Spider Form           Tmut/Pois      ##........   13%         3
d - Ice Form              Ice/Tmut       ##......     50%         4
e - Blink                 Tloc           N/A          11%         2

Your spell library contained the following spells:

 Spells                   Type           Power        Failure   Level
 Shock                    Conj/Air       #...         16%         1
 Gell's Gravitas          Tloc           ##........   21%         3
 Lesser Beckoning         Tloc           ##........   21%         3
 Teleport Other           Tloc           ##......     21%         3
 Static Discharge         Conj/Air       #.......     43%         3
 Passage of Golubria      Tloc           N/A          56%         4
 Summon Lightning Spire   Summ/Air       #.......     83%         4
 Blade Hands              Tmut           ###.......   50%         5
 Silence                  Hex/Air        #.........   99%         5


Dungeon Overview and Level Annotations

Branches:
Dungeon (8/15)             Temple (1/1) D:4           Sewer (visited)
   Lair: D:8-11

Altars:
Ashenzari
Cheibriados
Dithmenos
Elyvilon
Fedhas
Gozag
Hepliaklqana
Kikubaaqudgha
Makhleb
Nemelex Xobeh
Okawaru
Qazlal
Ru
Sif Muna
Trog
Uskayaw
Vehumet
Wu Jian
Xom
Yredelemnul
Zin
The Shining One

Annotations:
D:3 Sigmund
D:7 death knight, skeletal warrior, phantasm, Joseph
D:8 Prince Ribbit


Innate Abilities, Weirdness & Mutations

You are too large for most types of armour.
You have tough skin. (AC +1)
You have a pair of horns on your head.
You have razor-sharp toenails.


Message History

You barely miss the two-headed ogre. Your kick misses the two-headed ogre.
Your headbutt misses the two-headed ogre.
The two-headed ogre is moderately wounded.
The two-headed ogre hits you with a cursed -3 giant club!!
The two-headed ogre hits you with a +0 giant club!
You punch the two-headed ogre! Your kick misses the two-headed ogre.
The two-headed ogre is heavily wounded.
The two-headed ogre hits you with a cursed -3 giant club!
The two-headed ogre hits you but does no damage.
You barely miss the two-headed ogre.
Your headbutt misses the two-headed ogre.
The two-headed ogre is heavily wounded.
Your transformation is almost over.
You punch the two-headed ogre!
You claw the two-headed ogre, but do no damage.
The two-headed ogre is severely wounded.
The two-headed ogre hits you with a cursed -3 giant club!!
* * * LOW HITPOINT WARNING * * *
The two-headed ogre hits you with a +0 giant club!!
You die...

#. ....# ##.......
#.
....####........
#..##......
+........
#..#.....#
#........
#..#.#...#
#.......
#........#
##.....# #..W..#
##...## ###O###
##'## #@# #.# #.#
#.# #.# ##.##
#.######## ##...##
#........# #.....#
########.####...##
#..........
#######.### #.# #


You could see a two-headed ogre (poisoned) and a phantom.

Vanquished Creatures
  Maggie (D:6)
  A water moccasin (D:5)
  2 sky beasts
  2 black bears
  An orc warrior (D:7)
  2 ice beasts
  3 centaurs
  An ogre (D:4)
  3 big kobolds
  6 scorpions
  3 howler monkeys
  9 hounds
  2 jellies
  3 orc wizards
  A bullfrog skeleton (D:7)
  Natasha (twice) (D:3)
  2 iguanas
  3 worker ants
  A killer bee zombie (D:5)
  3 gnolls (D:7)
  A howler monkey skeleton (D:4)
  9 adders
  A river rat (Sewer)
  4 white imps
  An ufetubus (D:6)
  4 oozes
  2 adder skeletons
  6 worms
  A dart slug (D:2)
  4 leopard geckos
  10 orcs
  3 ball pythons
  5 giant cockroaches
  7 hobgoblins
  8 jackals (D:2)
  23 kobolds
  4 quokkas
  4 bats
  8 frilled lizards
  5 goblins
  A jackal skeleton (D:8)
  A quokka skeleton (D:5)
  5 rats
168 creatures vanquished.

Notes
Turn   | Place    | Note
-------+----------+-------------------------------------------
     0 | D:1      | tilp the Ogre Transmuter began the quest for the Orb.
     0 | D:1      | Reached XP level 1. HP: 19/19 MP: 3/3
   230 | D:1      | Reached skill level 3 in Unarmed Combat
   230 | D:1      | Reached XP level 2. HP: 27/28 MP: 3/5
   234 | D:1      | Learned a level 2 spell: Wereblood
  1067 | D:2      | Reached XP level 3. HP: 25/35 MP: 3/6
  1133 | D:2      | Found a faded altar of an unknown god.
  1356 | D:2      | Reached skill level 4 in Unarmed Combat
  1375 | D:2      | Reached XP level 4. HP: 33/42 MP: 5/7
  1686 | D:2      | Learned a level 3 spell: Spider Form
  1725 | D:3      | Noticed a bullfrog
  1937 | D:3      | Found a blossoming altar of Fedhas.
  2135 | D:3      | Found a basalt altar of Yredelemnul.
  2196 | D:3      | Noticed Sigmund
  2228 | D:3      | Reached skill level 1 in Stealth
  2260 | D:3      | Noticed Natasha
  2288 | D:3      | Killed Natasha
  2337 | D:3      | Noticed Natasha
  2453 | D:3      | Killed Natasha
  2453 | D:3      | Reached XP level 5. HP: 18/49 MP: 8/8
  3091 | D:4      | Reached skill level 5 in Unarmed Combat
  3091 | D:4      | Reached XP level 6. HP: 42/57 MP: 7/9
  3103 | D:4      | Found a sparkling altar of Nemelex Xobeh.
  3130 | D:4      | Found a glowing drain.
  3150 | Sewer    | Entered a sewer
  3253 | Sewer    | Reached skill level 6 in Unarmed Combat
  3593 | D:4      | Reached XP level 7. HP: 65/65 MP: 10/10
  3605 | D:4      | Learned a level 2 spell: Blink
  3791 | D:4      | Found a staircase to the Ecumenical Temple.
  3805 | Temple   | Entered the Ecumenical Temple
  4023 | Temple   | Became a worshipper of Makhleb the Destroyer
  4255 | D:4      | Found a hazy altar of Hepliaklqana.
  4432 | D:4      | Learned a level 4 spell: Ice Form
  4464 | D:5      | Entered Level 5 of the Dungeon
  4669 | D:5      | Reached skill level 7 in Unarmed Combat
  4669 | D:5      | Reached XP level 8. HP: 67/72 MP: 10/12
  5349 | D:6      | Identified the Disquisition on Feathers
  5417 | D:6      | Reached * piety under Makhleb
  5500 | D:6      | Reached skill level 8 in Unarmed Combat
  5647 | D:6      | Reached skill level 1 in Throwing
  5647 | D:6      | Reached skill level 1 in Translocations
  5647 | D:6      | Reached skill level 1 in Invocations
  5812 | D:7      | Noticed Joseph
  5962 | D:7      | Noticed Maggie
  5988 | D:6      | Killed Maggie
  5988 | D:6      | Reached XP level 9. HP: 40/83 MP: 14/14
  6598 | D:7      | Noticed a freezing wraith
  6599 | D:7      | Noticed a death knight
  6599 | D:7      | Noticed a phantasmal warrior
  6599 | D:7      | Noticed a skeletal warrior
  6632 | D:7      | Found a hide-covered altar of Uskayaw.
  6837 | D:8      | Reached ** piety under Makhleb
  6899 | D:8      | Reached skill level 1 in Poison Magic
  7010 | D:8      | Noticed Prince Ribbit
  7163 | D:8      | Noticed a two-headed ogre
  7178 | D:8      | Slain by a two-headed ogre

Illustrated notes

Levels and vault maps discovered:
D:1:      mrwooster_arrival_statue, layout_loops_cross
D:2:      layout_rooms, chequers_ecumenical_altar_simple_redux
D:3:      layout_basic, old_standard_altar, fedhas_altar_2, uniq_sigmund,
          uniq_natasha
D:4:      layout_loops_ring, kennysheep_mini, nemelex_xobeh_ov_fountains_minmay,
          minmay_temple_entry_tees, portal_sewer_entry_b, serial_glass,
          glass_columns_b, glass_columns_b, minmay_cut_off
D:5:      layout_loops_ring
D:6:      layout_gridville
D:7:      layout_gridville, old_standard_altar, uniq_joseph, uniq_maggie
D:8:      layout_loops_corners, minmay_hedge_maze, uniq_prince_ribbit1
Temple:   dpeg_five_rooms_temple

Skill      XL: |  1  2  3  4  5  6  7  8  9 |
---------------+----------------------------+-----
Fighting       | 2 3 4 |  4.7
Unarmed Combat | 3 4 5 6 7 8 |  8.5
Transmutations | 2 3 4 |  4.9
Stealth        | 1 2 3 |  3.2
Spellcasting   | 3 4 |  4.0
Throwing       | 1 2 |  2.9
Translocations | 1 2 |  2.0
Invocations    | 2 3 |  3.3
Poison Magic   | 1 |  1.2
Dodging        | |  1.7

Action                   |  1- 3 |  4- 6 |  7- 9 || total
-------------------------+-------+-------+-------++-------
Melee: Unarmed           |   140 |   191 |   305 ||   636
       Kick              |    13 |    26 |    61 ||   100
       Headbutt          |     6 |    16 |    34 ||    56
       Punch             |       |     3 |     6 ||     9
Throw: Dart              |       |    41 |    55 ||    96
 Cast: Beastly Appendage |    13 |    21 |    36 ||    70
       Wereblood         |     2 |       |     1 ||     3
       Blink             |       |       |     1 ||     1
  Use: Scroll            |     2 |     9 |     5 ||    16
 Stab: Sleeping          |       |     4 |     1 ||     5
Armor: Robe              |    55 |    30 |    62 ||   147
       Steam dragon scal |       |       |    49 ||    49
Dodge: Dodged            |    88 |    96 |   151 ||   335

Table legend: (Time is in decaauts)
 A = Elapsed time spent in this place.
 B = Non-inter-level travel time spent in this place.
 C = Inter-level travel time spent in this place.
 D = Time resting spent in this place.
 E = Time spent auto-exploring this place.
 F = Levels seen in this place.
 G = Mean time per level.
                   A        B        C        D        E       F      G
               +--------+--------+--------+--------+--------+-----+--------+
         Total |   7178 |   6785 |    393 |    870 |   4248 |  10 |  717.8 |
       Dungeon |   6480 |   6146 |    334 |    832 |   3880 |   8 |  810.0 |
        Temple |    249 |    190 |     59 |      0 |    189 |   1 |  249.0 |
         Sewer |    447 |    447 |      0 |     38 |    179 |   1 |  447.0 |
               +--------+--------+--------+--------+--------+-----+--------+

Top non-repeatable levels by time:
     D:3: 1138 daAuts
     D:1: 1054 daAuts
     D:4: 844 daAuts
     D:6: 789 daAuts
     D:2: 766 daAuts
     D:5: 765 daAuts
     D:7: 652 daAuts
     D:8: 470 daAuts
   Sewer: 447 daAuts
  Temple: 249 daAuts
